| TOP OF THE 1ST |
|
Princeton Rays batting - Pitching for Seattle (APP) Mariners : RHP Jamie Riley
|
|
Pitching: RHP Jamie Riley
|
|
|
Batting: SHB Luis Verduzco
|
0-0: Foul Ball, location: 2F 0-1: Swinging Strike 0-2: Strikes out looking
|
|
Batting: SHB Omar Cervantes
|
0-0: Called Strike 0-1: Ball 1-1: Swinging Strike 1-2: Ball 2-2: Ground out 4-3 (Groundball, 4M, EV 105.0 MPH)
|
|
Batting: LHB Oscar Curiel
|
0-0: Swinging Strike 0-1: Called Strike 0-2: Fly out, F7 (Flyball, 7, EV 89.4 MPH)
|
| Top of the 1st over - 0 runs, 0 hits, 0 errors, 0 left on base; Princeton 0 - Seattle (APP) 0 |
| BOTTOM OF THE 1ST |
|
Seattle (APP) Mariners batting - Pitching for Princeton Rays : RHP Cole Roome
|
|
Pitching: RHP Cole Roome
|
|
|
Batting: RHB Chris Van Niel
|
0-0: Foul Ball, location: 2F 0-1: Ball 1-1: Fly out, F6 (Line Drive, 56, EV 71.2 MPH)
|
|
Batting: RHB John Vasquez
|
0-0: Ball 1-0: Called Strike 1-1: Ball 2-1: Foul Ball, location: 2F 2-2: Foul Ball, location: 2F 2-2: Ball 3-2: Foul Ball, location: 2F 3-2: Foul Ball, location: 2F 3-2: Base on Balls
|
|
Batting: SHB Carlos Luna
|
0-0: Ball 1-0: Ball Pickoff Throw to First - Error! E1 John Vasquez to second 2-0: 2-RUN HOME RUN (Flyball, 8LXD, EV 110.6 MPH), Distance : 444 ft
|
|
Batting: RHB Nick Edmunds
|
0-0: Ball 1-0: Ball 2-0: Ball 3-0: Base on Balls
|
|
Batting: RHB Nick Ellis
|
0-0: Ball 1-0: Fly out, F9 (Line Drive, 9S, EV 92.5 MPH)
|
|
Batting: RHB Carlton McDonald
|
0-0: Ball Wild Pitch! Nick Edmunds to second 1-0: Called Strike 1-1: Foul Ball, location: 2F 1-2: Ball 2-2: Hit by Pitch
|
|
Pinch Runner at 1st Chang Huie:
|
|
|
Batting: RHB Joaquin Salazar
|
0-0: Fly out, F3 (Popup, 3SF, EV 83.8 MPH)
|
| Bottom of the 1st over - 2 runs, 1 hit, 1 error, 2 left on base; Princeton 0 - Seattle (APP) 2 |
| TOP OF THE 2ND |
|
Princeton Rays batting - Pitching for Seattle (APP) Mariners : RHP Jamie Riley
|
|
Batting: RHB Tim Dower
|
0-0: Foul Ball, location: 2F 0-1: Ball 1-1: Swinging Strike 1-2: Ball 2-2: Strikes out looking
|
|
Batting: RHB Wan-ling Zhu
|
0-0: Fly out, F8 (Line Drive, 89M, EV 112.5 MPH)
|
|
Batting: RHB Mikey Sano
|
0-0: Ball 1-0: Ball 2-0: Called Strike 2-1: Called Strike 2-2: Strikes out swinging
|
| Top of the 2nd over - 0 runs, 0 hits, 0 errors, 0 left on base; Princeton 0 - Seattle (APP) 2 |
| BOTTOM OF THE 2ND |
|
Seattle (APP) Mariners batting - Pitching for Princeton Rays : RHP Cole Roome
|
|
Batting: RHB Ziven Badersky
|
0-0: Swinging Strike 0-1: Ball 1-1: Ball 2-1: Ball 3-1: Called Strike 3-2: Base on Balls
|
|
Batting: RHB Josh Carpenter
|
0-0: Ball 1-0: Ball 2-0: Foul Ball, location: 2F 2-1: Swinging Strike 2-2: Strikes out swinging
|
|
Batting: RHB Chris Van Niel
|
0-0: Ball Ziven Badersky steals 2nd, throwing error, E2 Ziven Badersky to third 1-0: Ground out 6-3 (Groundball, 56, EV 81.9 MPH) Ziven Badersky scores
|
|
Batting: RHB John Vasquez
|
0-0: Ball 1-0: Ball 2-0: Foul Ball, location: 2F 2-1: Foul Ball, location: 2F 2-2: Foul Ball, location: 2F 2-2: Foul Ball, location: 2F 2-2: SOLO HOME RUN (Line Drive, 7LD, EV 95.0 MPH), Distance : 348 ft
|
|
Batting: SHB Carlos Luna
|
0-0: Called Strike 0-1: Foul Ball, location: 2F 0-2: SINGLE (Groundball, 25, EV 71.2 MPH) (infield hit)
|
|
Batting: RHB Nick Edmunds
|
0-0: Ball 1-0: Foul Ball, location: 2F 1-1: SINGLE (Groundball, 4MD, EV 107.5 MPH) Carlos Luna to second Runner from 2nd tries for 3rd, SAFE, throw by CF made to third
|
|
Batting: RHB Nick Ellis
|
0-0: Ball 1-0: Fly out, F3 (Popup, 3S, EV 78.8 MPH)
|
| Bottom of the 2nd over - 2 runs, 3 hits, 1 error, 2 left on base; Princeton 0 - Seattle (APP) 4 |
| TOP OF THE 3RD |
|
Princeton Rays batting - Pitching for Seattle (APP) Mariners : RHP Jamie Riley
|
|
Batting: RHB Dave Valdez
|
0-0: Ball 1-0: SINGLE (Groundball, 34D, EV 95.6 MPH)
|
|
Batting: RHB Bogumil Filipowski
|
0-0: Swinging Strike 0-1: Fly out, F8 (Flyball, 8LD, EV 101.2 MPH)
|
|
Batting: LHB Eduardo Lopez
|
0-0: Fly out, F8 (Line Drive, 8RS, EV 99.4 MPH)
|
|
Batting: SHB Luis Verduzco
|
0-0: Ball 1-0: Fly out, F8 (Flyball, 78M, EV 90.6 MPH)
|
| Top of the 3rd over - 0 runs, 1 hit, 0 errors, 1 left on base; Princeton 0 - Seattle (APP) 4 |
| BOTTOM OF THE 3RD |
|
Seattle (APP) Mariners batting - Pitching for Princeton Rays : RHP Cole Roome
|
|
Batting: LHB Chang Huie
|
0-0: Called Strike 0-1: Ball 1-1: DOUBLE (Line Drive, 78D, EV 105.6 MPH)
|
|
Batting: RHB Joaquin Salazar
|
0-0: Called Strike 0-1: Foul Ball, location: 2F 0-2: Fly out, F4 (Popup, 4, EV 75.6 MPH)
|
|
Batting: RHB Ziven Badersky
|
0-0: DOUBLE (Line Drive, 9LS, EV 98.1 MPH) Chang Huie scores
|
|
Pitching: RHP J.P. Taylor
|
|
|
Batting: RHB Josh Carpenter
|
0-0: Fly out, F7 (Line Drive, 7D, EV 91.2 MPH)
|
|
Batting: RHB Chris Van Niel
|
0-0: Called Strike 0-1: Foul Ball, location: 2F 0-2: Foul Ball, location: 2F 0-2: Ground out 1-3 (Groundball, 15S, EV 73.1 MPH)
|
| Bottom of the 3rd over - 1 run, 2 hits, 0 errors, 1 left on base; Princeton 0 - Seattle (APP) 5 |
| TOP OF THE 4TH |
|
Princeton Rays batting - Pitching for Seattle (APP) Mariners : RHP Jamie Riley
|
|
Batting: SHB Omar Cervantes
|
0-0: Ball 1-0: Ball 2-0: Foul Ball, location: 2F 2-1: Ball 3-1: Called Strike 3-2: Base on Balls
|
|
Batting: LHB Oscar Curiel
|
0-0: Ball 1-0: 2-RUN HOME RUN (Flyball, 9LD, EV 94.4 MPH), Distance : 335 ft
|
|
Batting: RHB Tim Dower
|
0-0: Called Strike 0-1: SINGLE (Flyball, 5D, EV 88.1 MPH)
|
|
Batting: RHB Wan-ling Zhu
|
0-0: Ball 1-0: Ball 2-0: Ball 3-0: Called Strike 3-1: Foul Ball, location: 2F 3-2: Base on Balls Tim Dower to second
|
|
Batting: RHB Mikey Sano
|
0-0: Called Strike 0-1: Swinging Strike 0-2: Ball 1-2: Ball 2-2: 3-RUN HOME RUN (Flyball, 89XD, EV 105.6 MPH), Distance : 422 ft
|
|
Batting: RHB Dave Valdez
|
0-0: Ground out 5-3 (Groundball, 56, EV 95.0 MPH)
|
|
Batting: RHB Bogumil Filipowski
|
0-0: Called Strike 0-1: Ball 1-1: Ball 2-1: Swinging Strike 2-2: Strikes out swinging
|
|
Batting: LHB Eduardo Lopez
|
0-0: Ball 1-0: Ball 2-0: Foul Ball, location: 2F 2-1: Foul Ball, location: 2F 2-2: Fly out, F9 (Flyball, 9D, EV 92.5 MPH)
|
| Top of the 4th over - 5 runs, 3 hits, 0 errors, 0 left on base; Princeton 5 - Seattle (APP) 5 |
| BOTTOM OF THE 4TH |
|
Seattle (APP) Mariners batting - Pitching for Princeton Rays : RHP J.P. Taylor
|
|
Batting: RHB John Vasquez
|
0-0: Ball 1-0: Foul Ball, location: 2F 1-1: Ball 2-1: Ball 3-1: Called Strike 3-2: Foul Ball, location: 2F 3-2: SINGLE (Line Drive, 6M, EV 94.4 MPH)
|
|
Batting: SHB Carlos Luna
|
0-0: Called Strike John Vasquez steals 2nd base 0-1: Ball 1-1: Swinging Strike 1-2: Ground out 6-3 (Groundball, 4M, EV 98.1 MPH) John Vasquez to third
|
|
Batting: RHB Nick Edmunds
|
0-0: Called Strike 0-1: Swinging Strike 0-2: Ball 1-2: Strikes out looking
|
|
Batting: RHB Nick Ellis
|
0-0: Ball 1-0: Foul Ball, location: 2F 1-1: Ball 2-1: Ball 3-1: Swinging Strike 3-2: Ground out 6-3 (Groundball, 6S, EV 89.4 MPH)
|
| Bottom of the 4th over - 0 runs, 1 hit, 0 errors, 1 left on base; Princeton 5 - Seattle (APP) 5 |
| TOP OF THE 5TH |
|
Princeton Rays batting - Pitching for Seattle (APP) Mariners : RHP Jamie Riley
|
|
Batting: SHB Luis Verduzco
|
0-0: Ground out U3 (Groundball, 3, EV 86.2 MPH)
|
|
Batting: SHB Omar Cervantes
|
0-0: Ball 1-0: Swinging Strike 1-1: Ball 2-1: Ground out U3 (Groundball, 3, EV 96.2 MPH)
|
|
Batting: LHB Oscar Curiel
|
0-0: Ball 1-0: Called Strike 1-1: Fly out, F7 (Flyball, 7D, EV 98.1 MPH)
|
| Top of the 5th over - 0 runs, 0 hits, 0 errors, 0 left on base; Princeton 5 - Seattle (APP) 5 |
| BOTTOM OF THE 5TH |
|
Seattle (APP) Mariners batting - Pitching for Princeton Rays : RHP J.P. Taylor
|
|
Batting: LHB Chang Huie
|
0-0: Foul Ball, location: 2F 0-1: Foul Ball, location: 2F 0-2: Ball 1-2: Strikes out looking
|
|
Pitching: RHP Michito Higashi
|
|
|
Batting: RHB Joaquin Salazar
|
0-0: Foul Ball, location: 2F 0-1: Ground out 4-3 (Groundball, 4, EV 88.8 MPH)
|
|
Batting: RHB Ziven Badersky
|
0-0: Fly out, F6 (Popup, 6MD, EV 73.8 MPH)
|
| Bottom of the 5th over - 0 runs, 0 hits, 0 errors, 0 left on base; Princeton 5 - Seattle (APP) 5 |
| TOP OF THE 6TH |
|
Princeton Rays batting - Pitching for Seattle (APP) Mariners : RHP Jamie Riley
|
|
Pitching: RHP Frank Cabrera
|
|
|
Batting: RHB Tim Dower
|
0-0: Called Strike 0-1: Ball 1-1: Swinging Strike 1-2: Ball 2-2: Strikes out swinging
|
|
Pinch Hitting: SHB Ray Luna
|
0-0: Ball 1-0: Called Strike 1-1: Swinging Strike 1-2: Fly out, F9 (Flyball, 9, EV 80.0 MPH)
|
|
Pinch Hitting: SHB Berthold Frey
|
0-0: Ball 1-0: Called Strike 1-1: Ball 2-1: Ball 3-1: Base on Balls
|
|
Batting: RHB Dave Valdez
|
Pickoff Throw to First - Error! E1 Berthold Frey to second 0-0: Called Strike 0-1: Called Strike 0-2: Foul Ball, location: 2F 0-2: Ball 1-2: Fly out, F8 (Line Drive, 8RM, EV 90.6 MPH)
|
| Top of the 6th over - 0 runs, 0 hits, 1 error, 1 left on base; Princeton 5 - Seattle (APP) 5 |
| BOTTOM OF THE 6TH |
|
Seattle (APP) Mariners batting - Pitching for Princeton Rays : RHP Michito Higashi
|
|
Now at 1B: Sean Boenig
|
|
|
Now at 2B: Dave Northam
|
|
|
Now at SS: Dave Valdez
|
|
|
Batting: RHB Josh Carpenter
|
0-0: Called Strike 0-1: Ball 1-1: Ball 2-1: Called Strike 2-2: Strikes out looking
|
|
Batting: RHB Chris Van Niel
|
0-0: Ball 1-0: Foul Ball, location: 2F 1-1: Ball 2-1: SOLO HOME RUN (Flyball, 9D, EV 99.4 MPH), Distance : 378 ft
|
|
Batting: RHB John Vasquez
|
0-0: Foul Ball, location: 2F 0-1: Ball 1-1: Foul Ball, location: 2F 1-2: Hit by Pitch
|
|
Batting: SHB Carlos Luna
|
0-0: Reached on error, E6 (Groundball, 6, EV 85.0 MPH) John Vasquez to second
|
|
Batting: RHB Nick Edmunds
|
0-0: Ball 1-0: Called Strike 1-1: Ball 2-1: Foul Ball, location: 2F 2-2: Foul Ball, location: 2F 2-2: Ball 3-2: Fly out, F8 (Flyball, 89M, EV 80.0 MPH)
|
|
Pitching: RHP Mike Balm
|
|
|
Batting: RHB Nick Ellis
|
0-0: Called Strike 0-1: Called Strike 0-2: Ball Wild Pitch! John Vasquez to third Carlos Luna to second 1-2: Ball 2-2: Strikes out looking
|
| Bottom of the 6th over - 1 run, 1 hit, 1 error, 2 left on base; Princeton 5 - Seattle (APP) 6 |
| TOP OF THE 7TH |
|
Princeton Rays batting - Pitching for Seattle (APP) Mariners : RHP Frank Cabrera
|
|
Batting: RHB Bogumil Filipowski
|
0-0: Called Strike 0-1: Called Strike 0-2: Fly out, F7 (Flyball, 7, EV 86.9 MPH)
|
|
Batting: LHB Eduardo Lopez
|
0-0: Called Strike 0-1: Foul Ball, location: 2F 0-2: Ball 1-2: Ball 2-2: Foul Ball, location: 2F 2-2: Strikes out swinging
|
|
Batting: SHB Luis Verduzco
|
0-0: Called Strike 0-1: Ball 1-1: Foul Ball, location: 2F 1-2: Strikes out swinging
|
| Top of the 7th over - 0 runs, 0 hits, 0 errors, 0 left on base; Princeton 5 - Seattle (APP) 6 |
| BOTTOM OF THE 7TH |
|
Seattle (APP) Mariners batting - Pitching for Princeton Rays : RHP Mike Balm
|
|
Batting: LHB Chang Huie
|
0-0: Ball 1-0: Called Strike 1-1: Foul Ball, location: 2F 1-2: Ball 2-2: Foul Ball, location: 2F 2-2: Strikes out swinging
|
|
Batting: RHB Joaquin Salazar
|
0-0: Ball 1-0: Swinging Strike 1-1: Ball 2-1: Foul Ball, location: 2F 2-2: Foul Ball, location: 2F 2-2: Foul Ball, location: 2F 2-2: Ball 3-2: Foul Ball, location: 2F 3-2: Foul Ball, location: 2F 3-2: Foul Ball, location: 2F 3-2: Base on Balls
|
|
Pitching: RHP Matt Wicker
|
|
|
Batting: RHB Ziven Badersky
|
0-0: Ball Joaquin Salazar steals 2nd base 1-0: Ball 2-0: Called Strike 2-1: Ball 3-1: Fly out, F9 (Flyball, 89M, EV 85.0 MPH)
|
|
Batting: RHB Josh Carpenter
|
0-0: Called Strike 0-1: Foul Ball, location: 2F 0-2: 2-RUN HOME RUN (Flyball, 78XD, EV 103.1 MPH), Distance : 395 ft
|
|
Batting: RHB Chris Van Niel
|
0-0: Foul Ball, location: 2F 0-1: Ball 1-1: Called Strike 1-2: Ball 2-2: Strikes out looking
|
| Bottom of the 7th over - 2 runs, 1 hit, 0 errors, 0 left on base; Princeton 5 - Seattle (APP) 8 |
| TOP OF THE 8TH |
|
Princeton Rays batting - Pitching for Seattle (APP) Mariners : RHP Frank Cabrera
|
|
Pitching: RHP Victor Ocampo
|
|
|
Batting: SHB Omar Cervantes
|
0-0: Foul Ball, location: 2F 0-1: Foul Ball, location: 2F 0-2: Foul Ball, location: 2F 0-2: Ball 1-2: Foul Ball, location: 2F 1-2: Fly out, F7 (Flyball, 7D, EV 93.8 MPH)
|
|
Batting: LHB Oscar Curiel
|
0-0: Ball 1-0: Ground out U3 (Groundball, 34S, EV 78.1 MPH)
|
|
Batting: RHB Tim Dower
|
0-0: Ball 1-0: Swinging Strike 1-1: Swinging Strike 1-2: Strikes out swinging
|
| Top of the 8th over - 0 runs, 0 hits, 0 errors, 0 left on base; Princeton 5 - Seattle (APP) 8 |
| BOTTOM OF THE 8TH |
|
Seattle (APP) Mariners batting - Pitching for Princeton Rays : RHP Matt Wicker
|
|
Batting: RHB John Vasquez
|
0-0: Foul Ball, location: 2F 0-1: Ball 1-1: Ball 2-1: Fly out, F9 (Flyball, 9D, EV 85.6 MPH)
|
|
Batting: SHB Carlos Luna
|
0-0: Foul Ball, location: 2F 0-1: Ball 1-1: Swinging Strike 1-2: Ball 2-2: Ball 3-2: Base on Balls
|
|
Batting: RHB Nick Edmunds
|
0-0: Ball 1-0: Foul Ball, location: 2F 1-1: Ball 2-1: Foul Ball, location: 2F 2-2: Strikes out swinging
|
|
Batting: RHB Nick Ellis
|
0-0: Ball 1-0: Called Strike 1-1: Called Strike 1-2: Foul Ball, location: 2F 1-2: Foul Ball, location: 2F 1-2: Strikes out swinging
|
| Bottom of the 8th over - 0 runs, 0 hits, 0 errors, 1 left on base; Princeton 5 - Seattle (APP) 8 |
| TOP OF THE 9TH |
|
Princeton Rays batting - Pitching for Seattle (APP) Mariners : RHP Victor Ocampo
|
|
Pitching: RHP Ruben Mendoza
|
|
|
Batting: LHB Dave Northam
|
0-0: Ball 1-0: Ball 2-0: SOLO HOME RUN (Flyball, 89XD, EV 109.4 MPH), Distance : 404 ft
|
|
Pinch Hitting: RHB Bobby Ross
|
0-0: SINGLE (Groundball, 6MD, EV 103.1 MPH)
|
|
Pinch Hitting: RHB Octavio Cuevas
|
0-0: Foul Ball, location: 2F 0-1: Ball 1-1: Ball 2-1: Foul Ball, location: 2F 2-2: Ball 3-2: Base on Balls Bobby Ross to second
|
|
Batting: RHB Bogumil Filipowski
|
0-0: Bunted foul 0-1: Sac Bunt to 13S - play at first, batter OUT! 1-4 Bobby Ross to third Octavio Cuevas to second
|
|
Batting: LHB Eduardo Lopez
|
0-0: Ground out U3 (Groundball, 34, EV 78.8 MPH) Bobby Ross scores Octavio Cuevas to third
|
|
Batting: SHB Luis Verduzco
|
0-0: SINGLE (Line Drive, 89S, EV 103.8 MPH) Octavio Cuevas scores
|
|
Batting: SHB Omar Cervantes
|
0-0: Fly out, F2 (Popup, 25F, EV 93.1 MPH)
|
| Top of the 9th over - 3 runs, 3 hits, 0 errors, 1 left on base; Princeton 8 - Seattle (APP) 8 |
| BOTTOM OF THE 9TH |
|
Seattle (APP) Mariners batting - Pitching for Princeton Rays : RHP Matt Wicker
|
|
Pitching: RHP Matt Roberts
|
|
|
Now at 1B: Bobby Ross
|
|
|
Now at SS: Octavio Cuevas
|
|
|
Batting: LHB Chang Huie
|
0-0: Called Strike 0-1: Foul Ball, location: 2F 0-2: SINGLE (Groundball, 34D, EV 102.5 MPH)
|
|
Batting: RHB Joaquin Salazar
|
0-0: Bunt missed! 0-1: Bunted foul 0-2: Ball 1-2: Ball 2-2: Ball 3-2: Foul Ball, location: 2F 3-2: Foul Ball, location: 2F 3-2: Foul Ball, location: 2F 3-2: Base on Balls Chang Huie to second
|
|
Pinch Hitting: LHB Prince Nunley
|
0-0: Ball 1-0: Foul Ball, location: 2F 1-1: Bunt missed! 1-2: Foul Ball, location: 2F 1-2: Ball 2-2: Fly out, F9 (Flyball, 9, EV 97.5 MPH) Runner from 2nd tags up, SAFE at 3rd with throw by RF
|
|
Batting: RHB Josh Carpenter
|
0-0: Called Strike Joaquin Salazar steals 2nd base (no throw) 0-1: Foul Ball, location: 2F 0-2: Ball 1-2: Ball Wild Pitch! Chang Huie scores
|
| Bottom of the 9th over - 1 run, 1 hit, 0 errors, 1 left on base; Princeton 8 - Seattle (APP) 9 |
|